 Dungeon Sprint DCSS version 0.22-a0-81-g7478db5 (webtiles) character file.

256 Kidiri the Covert (level 5, -4/25 HPs)
             Began as a Spriggan Enchanter on Jan 18, 2018.
             Slain by a neqoxec (13 damage)
             ... in the Dungeon (Sprint II: "The Violet Keep of Menkaure").
             The game lasted 00:00:21 (42 turns).

Kidiri the Covert (Spriggan Enchanter)                Turns: 42, Time: 00:00:23

Health: -4/25      AC:  1    Str:  4      XL:     5   Next: 92%
Magic:  7/13       EV: 24    Int: 13 (16) God:
Gold:   0          SH:  0    Dex: 18      Spells: 16/17 levels left

rFire    . . .     SeeInvis +   a - +1 dagger
rCold    . . .     Gourm    .   (shield restricted)
rNeg     . . .     Faith    .   b - +0 robe
rPois    .         Spirit   .   (helmet restricted)
rElec    .         Reflect  .   (no cloak)
rCorr    .         Harm     .   (gloves unavailable)
MR       .....     Rnd*Rage +   (boots unavailable) Stlth ++++......NoTele +
                                (no amulet)
HPRegen  0.08/turn              (no ring)
MPRegen  0.13/turn              (no ring)

@: berserk cooldown, slowed, quick
A: very small, unfitting armour, see invisible, berserk 1, deformed body,
herbivore, speed 3, frail 1, low mp 1, slow metabolism 2, subdued magic 1
a: no special abilities


You were in the Dungeon.
You were not hungry.

You visited 1 branch

Inventory:

Hand Weapons
 a - a +1 dagger (weapon)
Armour
 b - a +0 robe (worn)
Scrolls
 j - a scroll of blinking
Potions
 e - a potion of curing
 f - a potion of heal wounds
 g - a potion of haste
 h - 2 potions of magic
Books
 c - a book of Maledictions

   Spells                             Type                      Level
   a - Corona                         Hexes                        1
   b - Ensorcelled Hibernation        Hexes/Ice                    2
   c - Confuse                        Hexes                        3
   d - Tukima's Dance                 Hexes                        3
   e - Dazzling Spray                 Conjuration/Hexes            3
Comestibles
 d - a ration


   Skills:
 + Level 2.8 Fighting
 * Level 5.6 Short Blades
 + Level 2.5 Armour
 * Level 8.1 Dodging
 * Level 9.2 Stealth
 * Level 6.8 Spellcasting
 + Level 5.7 Hexes


You had 16 spell levels left.
You knew the following spells:

 Your Spells              Type           Power        Failure   Level  Hunger
a - Corona                Hex            ##.....      1%          1    None


Dungeon Overview and Level Annotations

Branches:
Dungeon (1/1)

Altars:


Innate Abilities, Weirdness & Mutations

You are very small and have problems with some larger weapons.
You are too small for most types of armour.
You have supernaturally acute eyesight. (SInv)
You are a herbivore.
You cover ground extremely quickly.
You need consume almost no food.
You tend to lose your temper in combat.
Armour fits poorly on your strangely shaped body.
You are frail. (-10% HP)
Your magical capacity is low. (-10% MP)
Your spells are a little easier to cast, but a little less powerful.


Message History

The neqoxec barely misses you.
The crimson imp laughs crazily.
You hit the neqoxec.
The neqoxec is severely wounded.
The neqoxec hits you.
The shadow imp picks up a beetle and eats it.
You hit the neqoxec but do no damage.
The neqoxec is severely wounded.
The neqoxec closely misses you.
You hit the neqoxec but do no damage.
The neqoxec is severely wounded.
The neqoxec gestures at you.
Something tries to feed on your intellect!
You hit the neqoxec but do no damage.
The neqoxec is severely wounded.
The neqoxec gestures at you.
Something tries to feed on your intellect!
The neqoxec hits you!
Ouch! That really hurt!
You die... ### ## .5##. 535

#3#
##@##
+.<.+
##.##
#+#


You could see 2 neqoxecs, a crimson imp and 2 shadow imps.

Vanquished Creatures
  2 neqoxecs (D)
2 creatures vanquished.

Notes
Turn   | Place    | Note
-------+----------+-------------------------------------------
     0 | D        | Kidiri the Spriggan Enchanter began the quest for the Orb.
     0 | D        | Reached XP level 1. HP: 9/9 MP: 5/5
     1 | D        | Noticed a neqoxec
     1 | D        | Noticed a neqoxec
     1 | D        | Noticed a neqoxec
     1 | D        | Noticed a neqoxec
     7 | D        | Noticed an iron imp
    10 | D        | Gained mutation: You tend to lose your temper in combat. [a neqoxec]
    12 | D        | Noticed a crimson imp
    13 | D        | Killed a neqoxec
    13 | D        | Reached skill level 7 in Stealth
    13 | D        | Reached skill level 5 in Spellcasting
    13 | D        | Reached skill level 5 in Hexes
    13 | D        | Reached XP level 2. HP: 12/15 MP: 5/9
    13 | D        | Reached XP level 3. HP: 15/18 MP: 6/11
    13 | D        | Reached XP level 4. HP: 19/23 MP: 6/12
    23 | D        | Gained mutation: Your magical capacity is low. (-10% MP) [a neqoxec]
    26 | D        | Killed a neqoxec
    26 | D        | Reached skill level 5 in Short Blades
    26 | D        | Reached skill level 9 in Stealth
    26 | D        | Reached XP level 5. HP: 24/28 MP: 6/13
    31 | D        | Gained mutation: Armour fits poorly on your strangely shaped body. [a neqoxec]
    34 | D        | Gained mutation: Your spells are a little easier to cast, but a little less powerful. [a neqoxec]
    35 | D        | Gained mutation: You are frail. (-10% HP) [a neqoxec]
    42 | D        | Slain by a neqoxec

Vault maps used:
D:        the_violet_keep_of_menkaure

Skill      XL: |  1  2  3  4 |
---------------+-------------+-----
Fighting       | 2 |  2.8
Short Blades   | 4 5 |  5.6
Armour         | 2 |  2.5
Dodging        | 6 8 |  8.1
Stealth        | 7 9 |  9.2
Spellcasting   | 5 6 |  6.8
Hexes          | 5 |  5.7

Action                   |  1- 3 |  4- 6 || total
-------------------------+-------+-------++-------
Melee: Dagger            |    11 |    27 ||    38
 Cast: Corona            |       |     2 ||     2
  Use: Potion            |     1 |       ||     1
Armor: Robe              |     1 |     1 ||     2
Dodge: Dodged            |    14 |    11 ||    25

Table legend:
 A = Spawn XP
 B = Non-spawn XP
 C = Spawn XP percentage of total XP
 D = Spawn monster count
 E = Non-spawn monster count
 F = Spawn count percentage of total count
 G = Total turns spent on level
                    A         B        C        D         E        F      G
               +---------+---------+-------+---------+---------+-------+---------
         Total |       0 |     366 |   0.0 |       0 |       2 |   0.0 |    42
               +---------+---------+-------+---------+---------+-------+---------
             D |       0 |     366 |   0.0 |       0 |       2 |   0.0 |    42
               +---------+---------+-------+---------+---------+-------+---------
